 Dungeon Sprint DCSS version 0.30-a0-177-g1cb5dbfd7a (webtiles) character file.

Game seed: 14566774487208386974

283923 hellse the Hawkeye (level 18, -4/154 HPs)
             Began as a Gnoll Transmuter on Oct 2, 2022.
             Was the Champion of Cheibriados.
             Slain by Mennas
             ... wielding a +2 eudemon blade of holy wrath
              (24 damage)
             ... in the Dungeon (Sprint III: "The Ten Rune Challenge").
             The game lasted 00:50:03 (11495 turns).

hellse the Hawkeye (Gnoll Transmuter)              Turns: 11495, Time: 00:50:03

Health: -4/154     AC: 13    Str: 32    XL:     18   Next: 90%
Magic:  38/42      EV: 32    Int: 27    God:    Cheibriados [******]
Gold:   2002       SH:  0    Dex: 25    Spells: 7/58 levels left

rFire   + + +      SeeInvis .      - Unarmed
rCold   + + +      Faith    .    (shield currently unavailable)
rNeg    + . .      Spirit   .    h - +2 robe {rC+ rF+}
rPois   .          Reflect  .    (no helmet)
rElec   .          Harm     .    k - +2 cloak {Will+}
rCorr   .          Rampage  .    (gloves currently unavailable)
Will    +++..      NoTele   +    v - +2 pair of boots {Stlth+}
Stlth   ++++......               y - amulet "Deruim" {rC+ rN+ Will+ Regen+ Dex-4 Stlth+}
HPRegen 1.25/turn                o - ring "Opteff" {rF+ rC+}
MPRegen 0.28/turn                a - ring of protection from fire

@: blade hands, glowing, studying Throwing, silenced, unable to read, very slow
A: fangs 1, strong nose, distributed training, inability to read after injury 1
}: 5/10 runes: serpentine, barnacled, silver, golden, demonic
a: End Transformation, Renounce Religion


You were in the Dungeon.
You worshipped Cheibriados.
Cheibriados was exalted by your worship.
You had blades for hands.
You visited 1 branch You collected 6423 gold pieces.
You spent 4421 gold pieces at shops.

Inventory:

Hand Weapons
 u - a +2 longbow of flaming
 C - the +11 rapier "Killer Klown's Peril" {freeze, Str+2}
   (You found it in the Dungeon)

   It freezes those it strikes, dealing additional cold damage.
   It can also slow down cold-blooded creatures.
   Str:       It affects your strength (+2).
 S - the +8 autumn katana (melded) {vorpal, manifold assault}
   (You acquired it in the Dungeon)

   It sometimes launches melee attacks against multiple visible enemies.
Missiles
 z - 7 javelins
Armour
 d - the +4 pair of gloves "Qafenuow" (melded) {Drain Fly Int+4 SInv}
   (You acquired it in the Dungeon)

   Int:       It affects your intelligence (+4).
   SInv:      It lets you see invisible.
   Fly:       It grants you flight.
   Drain:     It drains your maximum health when unequipped.
 h - a +2 robe of resistance (worn)
 k - a +2 cloak of willpower (worn)
 t - a +2 robe of cold resistance
 v - a +2 pair of boots of stealth (worn)
 w - a +1 kite shield of reflection
Magical Staves
 J - a staff of conjuration
 L - a staff of fire
 U - a staff of earth
 V - a staff of cold
Jewellery
 a - a ring of protection from fire (right blade hand)
 o - the ring "Opteff" (left blade hand) {rF+ rC+}
   (You bought it in a shop in the Dungeon)

   [ring of protection from cold]

   rF:        It protects you from fire.
   rC:        It protects you from cold.
 y - the amulet "Deruim" (around neck) {rC+ rN+ Will+ Regen+ Dex-4 Stlth+}
   (You bought it in a shop in the Dungeon)

   [amulet of regeneration]

   Dex:       It affects your dexterity (-4).
   rC:        It protects you from cold.
   rN:        It protects you from negative energy.
   Regen:     It increases your rate of health regeneration.
   Will:      It increases your willpower.
   Stlth:     It makes you more stealthy.
 E - the ring "Godoz" {Ice Int+4}
   (You found it in the Dungeon)

   [ring of ice]

   It enhances your ice magic.
   Int:       It affects your intelligence (+4).
   rF:        It makes you vulnerable to fire.
   rC:        It protects you from cold.
 K - a ring of flight
 M - a ring of wizardry
 O - a ring of magical power
 R - the amulet "Nogolufe" {Spirit rF+ Slay+2 Stlth+}
   (You found it in the Dungeon)

   [amulet of guardian spirit]

   It causes incoming damage to be divided between your reserves of health and
   magic.
   Slay:      It affects your accuracy & damage with ranged weapons and melee
   (+2).
   rF:        It protects you from fire.
   Stlth:     It makes you more stealthy.
 Y - a +6 ring of intelligence
 Z - a ring of resist corrosion
Wands
 l - a wand of paralysis (18)
 s - a wand of acid (4)
 x - a wand of digging (5)
 Q - a wand of polymorph (10)
 X - a wand of roots (6)
Scrolls
 j - 4 scrolls of amnesia
 n - a scroll of immolation
 q - a scroll of poison {unknown}
 B - a scroll of butterflies {unknown}
 D - a scroll of enchant armour {unknown}
 F - a scroll of enchant weapon {unknown}
 N - 2 scrolls of silence {unknown}
 W - a scroll of vulnerability {unknown}
Potions
 b - a potion of lignification
 c - 4 potions of curing
 e - a potion of haste
 f - 2 potions of magic
 g - a potion of berserk rage
 i - 2 potions of ambrosia {unknown}
 m - 6 potions of mutation {unknown}
 p - 4 potions of flight
 G - a potion of might
 H - 2 potions of degeneration {unknown}
 I - a potion of brilliance {unknown}
Miscellaneous
 r - a condenser vane
 A - a box of beasts
 P - a phantom mirror (inert)
 T - a phial of floods


   Skills:
 + Level 20.4 Fighting
 + Level 20.2 Short Blades
 + Level 20.2 Long Blades
 + Level 20.2 Axes
 + Level 20.2 Maces & Flails
 + Level 20.2 Polearms
 + Level 20.2 Staves
 + Level 20.2 Ranged Weapons
 + Level 24.1 Throwing
 + Level 20.2 Armour
 + Level 20.7 Dodging
 + Level 20.2 Stealth
 + Level 20.2 Shields
 + Level 21.1 Unarmed Combat
 + Level 20.7 Spellcasting
 + Level 17.3 Conjurations
 + Level 17.3 Hexes
 + Level 17.3 Summonings
 + Level 17.3 Necromancy
 + Level 17.3 Translocations
 + Level 17.7 Transmutations
 + Level 17.3 Fire Magic
 + Level 17.3 Ice Magic
 + Level 17.3 Air Magic
 + Level 17.3 Earth Magic
 + Level 17.3 Poison Magic
 + Level 21.8 Invocations
 + Level 20.2 Evocations


You had 7 spell levels left.
You knew the following spells:

 Your Spells              Type           Power      Damage    Failure   Level
a - Beastly Appendage     Tmut           100%       N/A       3%          1
b - Lee's Rapid Deconstr  Erth           44%        3d22*     4%          5
c - Ice Form              Ice/Tmut       89%        N/A       3%          4
d - Fireball              Conj/Fire      44%        3d18      4%          5
e - Starburst             Conj/Fire      44%        6d12      9%          6
f - Silence               Hex/Air        44%        N/A       4%          5
g - Passwall              Tmut/Erth      74%        N/A       3%          2
h - Lehudib's Crystal Sp  Conj/Erth      44%        10d11     41%         8
i - Blink                 Tloc           100%       N/A       3%          2
j - Blade Hands           Tmut           44%        N/A       4%          5
k - Borgnjor's Revivific  Necr           44%        N/A       41%         8

Your spell library contained the following spells:

 Spells                   Type           Power      Damage    Failure   Level
 Foxfire                  Conj/Fire      100%       2x1d9     3%          1
 Kiss of Death            Conj/Necr      100%       2d13      3%          1
 Necrotise                Necr           100%       1d9       3%          1
 Sandblast                Erth           100%       2d20      3%          1
 Shock                    Conj/Air       100%       1d9       3%          1
 Momentum Strike          Conj/Tloc      100%       3d10      3%          2
 Wereblood                Tmut           89%        N/A       3%          2
 Confusing Touch          Hex            88%        N/A       3%          3
 Kindle Blastsparks       Fire/Tloc/Air  100%       2d18      3%          3
 Lesser Beckoning         Tloc           88%        N/A       3%          3
 Spider Form              Tmut/Pois      89%        N/A       3%          3
 Stone Arrow              Conj/Erth      100%       3d13      3%          3
 Summon Guardian Golem    Hex/Summ       88%        N/A       3%          3
 Swiftness                Air            88%        N/A       3%          3
 Vampiric Draining        Necr           88%        2d12      3%          3
 Airstrike                Air            44%        2d(7-23)  3%          4
 Dispel Undead            Necr           88%        3d28      3%          4
 Fulminant Prism          Conj/Hex       44%        3d20      3%          4
 Iskenderun's Mystic Bla  Conj/Tloc      88%        2d17      3%          4
 Passage of Golubria      Tloc           88%        N/A       3%          4
 Agony                    Necr           88%        N/A       4%          5
 Irradiate                Conj/Tmut      44%        3d26      4%          5
 Summon Forest            Summ/Tloc      44%        N/A       4%          5
 Eringya's Noxious Bog    Tmut/Pois      44%        N/A       8%          6
 Orb of Destruction       Conj           44%        9d12      16%         7
 Spellforged Servitor     Conj/Summ      44%        N/A       16%         7
 Summon Hydra             Summ           44%        N/A       16%         7


Dungeon Overview and Level Annotations

Branches:
Dungeon (1/1)

Altars:
Cheibriados
Dithmenos
Elyvilon
Fedhas
Gozag
Hepliaklqana
Kikubaaqudgha
Makhleb
Nemelex Xobeh
Okawaru
Qazlal
Ru
Sif Muna
Trog
Uskayaw
Vehumet
Wu Jian
Xom
Yredelemnul
Zin
The Shining One
Jiyva
Lugonu

Shops:
D ?(==?[=!![!!!?[*(!([(=:

Annotations:
D Mara, Mennas, Roxanne, Royal Jelly


Innate Abilities, Weirdness & Mutations

You have blades for hands.
Your spellcasting is less reliable in this form.
You are incapable of wielding weapons or throwing items.
You have very sharp teeth.
Your uncanny sense of smell can sniff out nearby items.
Your experience applies equally to all skills.
You occasionally lose the ability to read scrolls when taking damage.


Message History

Mennas hits you with a +2 eudemon blade of holy wrath! x2
Mennas hits Mennas with a +2 eudemon blade of holy wrath!
Mennas blocks Mennas's attack.
Unknown command.
Unknown command.
You barely miss Mennas.
Mennas is heavily wounded.
Mennas barely misses you. Mennas misses you.
Mennas hits Mennas with a +2 eudemon blade of holy wrath.
Mennas misses Mennas.
Mennas hits Mennas but does no damage.
Mennas blocks Mennas's attack.
Mennas hits Mennas with a +2 eudemon blade of holy wrath!!
Mennas barely misses Mennas.
Unknown command.
Mennas blocks your attack.
Mennas is heavily wounded.
Mennas shimmers and vanishes!
Mennas completely misses you.
Mennas hits you with a +2 eudemon blade of holy wrath!
Unknown command.
Unknown command.
Mennas blocks your attack.
Mennas is heavily wounded.
Mennas misses you.
Mennas hits you with a +2 eudemon blade of holy wrath!
You slice Mennas!!
Mennas is severely wounded.
Mennas hits you with a +2 eudemon blade of holy wrath!
* * * LOW HITPOINT WARNING * * *
Mennas hits you with a +2 eudemon blade of holy wrath!
* * * LOW HITPOINT WARNING * * *
Mennas hits you with a +2 eudemon blade of holy wrath!
* * * LOW HITPOINT WARNING * * *
Mennas completely misses you.
Unknown command.
You miss Mennas. Your slash misses Mennas.
Mennas is severely wounded.
Mennas hits you with a +2 eudemon blade of holy wrath!!
You feel threatened and lose the ability to read scrolls!
You die...

≈≈≈▓ ##########..##.#..§§§§§#....
≈≈.▓##..)[[......##.#..§§§§§###''
~.∩▓#∩....).....###....§§§§§#.⌠..
≈.∩▓#∩.####################.#....
≈.∩▓#∩...........##.#.#.#.#......
...▓##...........##..............
▓▓▓▓ ##############..............
*******###***########'###########
,,,**,~....~,#..@###...##∆*~~~≈≈≈
**+**~,.....~#.A.##†....##+*,≈§P§
,,,**,,......#'###.......###...P≈
,,,**,,.A....'...'.......'.......
,,∆**,,......#'###.......#####.P≈
,,,**~,.....~#~~~##.....##^^,**,~
*****,~....~,#'#'###...##*^*,,**+
*,*****#''##*#.#.# ##'####,**,**,
,,,**,,'..,,,#'#####.≈≈≈'#^**,***


You could see Mennas (fast, silencing).

Vanquished Creatures
  2 royal mummies (D)
  Frederick (D)
  Boris (D)
  A bone dragon (D)
  Nellie (D)
  Rupert (D)
  4 titans (D)
  A deep elf blademaster (D)
  2 acid blobs (D)
  A lich (D)
  A deep elf master archer (D)
  An Executioner (D)
  Gastronok (D)
  2 sphinxes (D)
  Frances (D)
  Polyphemus (D)
  2 shadow dragons (D)
  6 azure jellies (D)
  Chuck (D)
  Ilsuiw (D)
  Donald (D)
  A fire giant (D)
  A nagaraja (D)
  3 stone giants (D)
  4 deep elf annihilators (D)
  Azrael (D)
  2 dire elephants (D)
  A deep elf death mage (D)
  A fire dragon (D)
  9 mummy priests (D)
  A merfolk javelineer (D)
  A deep elf high priest (D)
  Josephine (D)
  5 yaktaur captains (D)
  A hydra (D)
  6 anacondas (D)
  An ogre mage (D)
  3 centaur warriors (D)
  19 vault guards (D)
  4 dancing weapons (D)
  A hell beast (D)
  A naga warrior (D)
  3 orc high priests (D)
  4 death yaks (D)
  Urug (D)
  4 deep elf knights (D)
  A fire crab (shapeshifter) (D)
  A sun demon (D)
  6 skeletal warriors (D)
  A shadow wraith (D)
  An anaconda zombie (D)
  A spriggan druid (D)
  A golden dragon zombie (D)
  A sea snake (D)
  A lindwurm (D)
  A death drake (D)
  An obsidian statue (D)
  A death drake (shapeshifter) (D)
  An orange crystal statue (D)
  An orc knight (D)
  A spectral iron dragon (D)
  3 deep elf pyromancers (D)
  2 shining eyes (D)
  4 crystal guardians (D)
  2 oklob plants (D)
  A shining eye (shapeshifter) (D)
  5 ugly things (D)
  An iron troll simulacrum (D)
  6 black mambas (D)
  2 elephants (D)
  3 stone giant skeletons (D)
  A guardian serpent (D)
  4 statues (D)
  2 cane toads (D)
  A komodo dragon (D)
  A rime drake (D)
  A yaktaur (shapeshifter) (D)
  An ice devil (D)
  20 guardian mummies (D)
  A queen bee (D)
  4 spriggan defenders (D)
  2 tyrant leeches (D)
  2 hornets (D)
  3 dream sheep (D)
  8 blink frogs (D)
  6 slime creatures (D)
  A shadow (D)
  2 spriggans (D)
  3 wandering mushrooms (D)
  3 redbacks (D)
  2 nagas (D)
  A spatial vortex (D)
  2 water moccasins (D)
  2 floating eyes (D)
  A swamp drake (D)
  A black bear (shapeshifter) (D)
  2 orc warriors (D)
  A black mamba simulacrum (D)
  2 fire dragon simulacra (D)
  2 centaurs (D)
  An earth elemental (D)
  A necrophage (D)
  A water elemental (D)
  32 killer bees (D)
  An electric eel (D)
  A jelly (D)
  3 orc priests (D)
  Jessica (D)
  Crazy Yiuf (D)
  A wizard (D)
  A necromancer (D)
  An orc wizard (D)
  A wolf simulacrum (D)
  3 humans (D)
  A kobold demonologist (D)
  3 adders (D)
  An adder simulacrum (D)
  11 orcs (D)
  A ball python simulacrum (D)
  A bat simulacrum (D)
  A jackal zombie (D)
  3 rats (D)
  A ballistomycete spore (D)
  6 bushes (D)
  8 butterflies (D)
329 creatures vanquished.

Vanquished Creatures (others)
  A hydra (D)
  An orc priest (D)
  6 ball lightnings (D)
  2 ballistomycete spores (D)
  A bush (D)
  50 plants (D)
61 creatures vanquished.

Grand Total: 390 creatures vanquished

Notes
Turn   | Place    | Note
-------+----------+-------------------------------------------
     0 | D        | hellse the Gnoll Transmuter began the quest for the Orb.
     0 | D        | Reached XP level 1. HP: 17/17 MP: 6/6
    12 | D        | Noticed Jessica
    18 | D        | Killed Jessica
    19 | D        | Reached skill level 1 in Short Blades
    19 | D        | Reached skill level 1 in Long Blades
    19 | D        | Reached skill level 1 in Axes
    19 | D        | Reached skill level 1 in Maces & Flails
    19 | D        | Reached skill level 1 in Polearms
    19 | D        | Reached skill level 1 in Staves
    19 | D        | Reached skill level 1 in Ranged Weapons
    19 | D        | Reached skill level 1 in Throwing
    19 | D        | Reached skill level 1 in Armour
    19 | D        | Reached skill level 1 in Stealth
    19 | D        | Reached skill level 1 in Shields
    19 | D        | Reached skill level 5 in Spellcasting
    19 | D        | Reached skill level 1 in Conjurations
    19 | D        | Reached skill level 1 in Hexes
    19 | D        | Reached skill level 1 in Summonings
    19 | D        | Reached skill level 1 in Necromancy
    19 | D        | Reached skill level 1 in Translocations
    19 | D        | Reached skill level 1 in Fire Magic
    19 | D        | Reached skill level 1 in Ice Magic
    19 | D        | Reached skill level 1 in Air Magic
    19 | D        | Reached skill level 1 in Earth Magic
    19 | D        | Reached skill level 1 in Poison Magic
    19 | D        | Reached skill level 1 in Evocations
    19 | D        | Reached XP level 2. HP: 4/24 MP: 6/8
    19 | D        | Reached XP level 3. HP: 5/29 MP: 6/9
   123 | D        | Learned a level 3 spell: Spider Form
   152 | D        | Reached skill level 2 in Throwing
   152 | D        | Reached skill level 5 in Dodging
   231 | D        | Noticed Crazy Yiuf
   252 | D        | Killed Crazy Yiuf
   253 | D        | Reached XP level 4. HP: 37/37 MP: 6/11
   294 | D        | Learned a level 4 spell: Ice Form
   295 | D        | Noticed a water elemental
   299 | D        | Killed a water elemental
   300 | D        | Reached skill level 3 in Throwing
   300 | D        | Reached XP level 5. HP: 42/42 MP: 7/13
   343 | D        | Noticed a shadow
   349 | D        | Killed a shadow
   350 | D        | Reached skill level 5 in Fighting
   350 | D        | Reached skill level 4 in Throwing
   350 | D        | Reached skill level 5 in Transmutations
   350 | D        | Reached skill level 5 in Invocations
   350 | D        | Reached XP level 6. HP: 11/51 MP: 10/15
   668 | D        | Found a blossoming altar of Fedhas.
   668 | D        | Found a stormy altar of Qazlal.
   668 | D        | Found a snail-covered altar of Cheibriados.
   668 | D        | Found a burning altar of Makhleb.
   668 | D        | Found a shimmering altar of Xom.
   668 | D        | Noticed a spatial vortex
   669 | D        | Found a hazy altar of Hepliaklqana.
   669 | D        | Found an opulent altar of Gozag.
   669 | D        | Found a sparkling altar of Nemelex Xobeh.
   669 | D        | Found a corrupted altar of Lugonu.
   669 | D        | Found a viscous altar of Jiyva.
   671 | D        | Became a worshipper of Cheibriados the Contemplative
   702 | D        | Killed a spatial vortex
   703 | D        | Reached skill level 5 in Short Blades
   703 | D        | Reached skill level 5 in Long Blades
   703 | D        | Reached skill level 5 in Axes
   703 | D        | Reached skill level 5 in Maces & Flails
   703 | D        | Reached skill level 5 in Polearms
   703 | D        | Reached skill level 5 in Staves
   703 | D        | Reached skill level 5 in Ranged Weapons
   703 | D        | Reached skill level 5 in Throwing
   703 | D        | Reached skill level 5 in Armour
   703 | D        | Reached skill level 5 in Stealth
   703 | D        | Reached skill level 5 in Shields
   703 | D        | Reached skill level 5 in Evocations
   703 | D        | Reached XP level 7. HP: 57/57 MP: 17/17
   709 | D        | Found a basalt altar of Yredelemnul.
   709 | D        | Found a shadowy altar of Dithmenos.
   709 | D        | Found a sacrificial altar of Ru.
   718 | D        | Reached * piety under Cheibriados
   730 | D        | Found a glowing silver altar of Zin.
   730 | D        | Found a glowing golden altar of the Shining One.
   730 | D        | Found a white marble altar of Elyvilon.
   730 | D        | Noticed a deep elf pyromancer
   734 | D        | Killed a deep elf pyromancer
   735 | D        | Reached skill level 6 in Throwing
   735 | D        | Reached skill level 5 in Conjurations
   735 | D        | Reached skill level 5 in Hexes
   735 | D        | Reached skill level 5 in Summonings
   735 | D        | Reached skill level 5 in Necromancy
   735 | D        | Reached skill level 5 in Translocations
   735 | D        | Reached skill level 5 in Fire Magic
   735 | D        | Reached skill level 5 in Ice Magic
   735 | D        | Reached skill level 5 in Air Magic
   735 | D        | Reached skill level 5 in Earth Magic
   735 | D        | Reached skill level 5 in Poison Magic
   735 | D        | Reached XP level 8. HP: 9/67 MP: 18/20
  1029 | D        | Found a radiant altar of Vehumet.
  1029 | D        | Found a shimmering blue altar of Sif Muna.
  1029 | D        | Found an ancient bone altar of Kikubaaqudgha.
  1032 | D        | Reached ** piety under Cheibriados
  1046 | D        | Found a hide-covered altar of Uskayaw.
  1046 | D        | Found an iron altar of Okawaru.
  1046 | D        | Found a bloodstained altar of Trog.
  1046 | D        | Found an ornate altar of the Wu Jian Council.
  1058 | D        | Reached *** piety under Cheibriados
  1125 | D        | Noticed Josephine
  1131 | D        | Killed Josephine
  1132 | D        | Reached skill level 7 in Throwing
  1132 | D        | Reached skill level 10 in Unarmed Combat
  1132 | D        | Reached XP level 9. HP: 74/74 MP: 18/22
  1146 | D        | Reached **** piety under Cheibriados
  1152 | D        | Noticed a centaur warrior
  1158 | D        | Killed a centaur warrior
  1158 | D        | Reached ***** piety under Cheibriados
  1159 | D        | Reached skill level 8 in Throwing
  1329 | D        | Found Apsae's Jewellery Emporium.
  1329 | D        | Noticed an orc high priest
  1334 | D        | Killed an orc high priest
  1335 | D        | Reached skill level 10 in Spellcasting
  1335 | D        | Reached XP level 10. HP: 83/83 MP: 18/24
  1346 | D        | Noticed an orc knight
  1349 | D        | Reached ****** piety under Cheibriados
  1354 | D        | Killed an orc knight
  1355 | D        | Reached skill level 10 in Dodging
  1367 | D        | Reached skill level 9 in Throwing
  1424 | D        | Bought an amulet of regeneration for 300 gold pieces
  1546 | D        | Reached skill level 10 in Invocations
  1556 | D        | Noticed a cane toad
  1556 | D        | Noticed a cane toad
  1565 | D        | Killed a cane toad
  1571 | D        | Killed a cane toad
  1576 | D        | Reached skill level 10 in Fighting
  1610 | D        | Reached skill level 10 in Short Blades
  1610 | D        | Reached skill level 10 in Long Blades
  1610 | D        | Reached skill level 10 in Axes
  1610 | D        | Reached skill level 10 in Maces & Flails
  1610 | D        | Reached skill level 10 in Polearms
  1610 | D        | Reached skill level 10 in Staves
  1610 | D        | Reached skill level 10 in Ranged Weapons
  1610 | D        | Reached skill level 10 in Throwing
  1610 | D        | Reached skill level 10 in Armour
  1610 | D        | Reached skill level 10 in Stealth
  1610 | D        | Reached skill level 10 in Shields
  1610 | D        | Reached skill level 10 in Evocations
  1610 | D        | Reached XP level 11. HP: 72/92 MP: 26/26
  1695 | D        | Noticed Rupert
  1734 | D        | Noticed a lindwurm
  1738 | D        | Killed a lindwurm
  1810 | D        | Noticed Donald
  1810 | D        | Noticed Frances
  1820 | D        | Killed Donald
  1826 | D        | Killed Frances
  1827 | D        | Reached skill level 10 in Transmutations
  1902 | D        | Reached skill level 11 in Throwing
  1981 | D        | Killed a four-headed hydra
  1993 | D        | Noticed an orange crystal statue
  2003 | D        | Killed an orange crystal statue
  2012 | D        | Found Moenk's Weapon Emporium.
  2012 | D        | Found Hitiky's Antique Weapon Shop.
  2012 | D        | Found Qotuogik's Book Shoppe.
  2012 | D        | Found Mish's Distillery.
  2012 | D        | Found Plog's Jewellery Shop.
  2012 | D        | Found Tisaobir's Antique Weapon Emporium.
  2012 | D        | Found Umoaqus's Armour Boutique.
  2013 | D        | Found Iloumaych's General Store.
  2013 | D        | Found Myovo's Antique Armour Shoppe.
  2013 | D        | Found Epigoax's Magic Scroll Shop.
  2013 | D        | Found Dioxtejo's Distillery.
  2069 | D        | Bought a scroll of magic mapping for 90 gold pieces
  2086 | D        | Bought the amulet "Deruim" {rC+ rN+ Will+ Regen+ Dex-4
                  | Stlth+} for 578 gold pieces
  2110 | D        | Bought a book of Fire for 330 gold pieces
  2116 | D        | Learned a level 5 spell: Fireball
  2123 | D        | Learned a level 6 spell: Starburst
  2154 | D        | Noticed a yaktaur captain
  2157 | D        | Noticed a yaktaur captain
  2157 | D        | Noticed a yaktaur captain
  2157 | D        | Killed a yaktaur captain
  2295 | D        | HP: 3/93 [yaktaur captain/bolt (54)]
  2431 | D        | Reached XP level 12. HP: 53/102 MP: 14/28
  2546 | D        | Noticed Urug
  2555 | D        | Killed Urug
  2660 | D        | Noticed a five-headed hydra
  2665 | D        | Killed a five-headed hydra
  2670 | D        | Reached skill level 10 in Conjurations
  2670 | D        | Reached skill level 10 in Hexes
  2670 | D        | Reached skill level 10 in Summonings
  2670 | D        | Reached skill level 10 in Necromancy
  2670 | D        | Reached skill level 10 in Translocations
  2670 | D        | Reached skill level 10 in Fire Magic
  2670 | D        | Reached skill level 10 in Ice Magic
  2670 | D        | Reached skill level 10 in Air Magic
  2670 | D        | Reached skill level 10 in Earth Magic
  2670 | D        | Reached skill level 10 in Poison Magic
  2730 | D        | Found a blossoming altar of Fedhas.
  2738 | D        | Reached skill level 12 in Throwing
  2839 | D        | Identified the +11 rapier "Killer Klown's Peril" {freeze,
                  | Str+2}
  2841 | D        | Identified the ring "Godoz" {Ice Int+4}
  2901 | D        | Noticed an anaconda
  2904 | D        | Killed an anaconda
  2914 | D        | Noticed an anaconda
  2914 | D        | Noticed an anaconda
  2915 | D        | Noticed an anaconda
  2921 | D        | Killed an anaconda
  2924 | D        | Killed an anaconda
  2925 | D        | Killed an anaconda
  2970 | D        | Noticed an anaconda
  2970 | D        | Noticed an anaconda
  2974 | D        | Killed an anaconda
  2977 | D        | Killed an anaconda
  3076 | D        | Noticed a naga warrior
  3076 | D        | Noticed a nagaraja
  3081 | D        | Killed a nagaraja
  3081 | D        | Killed a naga warrior
  3082 | D        | Reached XP level 13. HP: 111/111 MP: 3/30
  3205 | D        | Found Feucla's Jewellery Shop.
  3205 | D        | Found Heeqon's Magic Scroll Shoppe.
  3207 | D        | Found Manolid's Antique Armour Boutique.
  3224 | D        | Reached skill level 13 in Throwing
  3225 | D        | Got a serpentine rune of Zot
  3328 | D        | Noticed a dire elephant
  3328 | D        | Noticed a dire elephant
  3328 | D        | Noticed Gastronok
  3344 | D        | Killed a dire elephant
  3350 | D        | Killed a dire elephant
  3357 | D        | Killed Gastronok
  3421 | D        | Noticed an azure jelly
  3421 | D        | Noticed an azure jelly
  3421 | D        | Noticed an azure jelly
  3422 | D        | Noticed an azure jelly
  3436 | D        | Killed Rupert
  3596 | D        | Reached skill level 15 in Unarmed Combat
  3618 | D        | Reached skill level 15 in Invocations
  3622 | D        | Noticed Polyphemus
  3638 | D        | Killed Polyphemus
  3639 | D        | Reached skill level 14 in Throwing
  3790 | D        | Noticed Ilsuiw
  3797 | D        | Noticed a merfolk javelineer
  3803 | D        | Killed Ilsuiw
  3804 | D        | Killed a merfolk javelineer
  3805 | D        | Reached skill level 15 in Spellcasting
  3937 | D        | Found Gejeyqad's Magic Scroll Shoppe.
  3937 | D        | Found Gopleta's Antique Weapon Boutique.
  3937 | D        | Found Tunih's Jewellery Emporium.
  3962 | D        | Got a barnacled rune of Zot
  4119 | D        | Noticed a deep elf annihilator
  4123 | D        | Reached skill level 15 in Dodging
  4344 | D        | Noticed a deep elf annihilator
  4347 | D        | Noticed a deep elf annihilator
  4359 | D        | Identified the +5 spear "Yliaqot" {vorpal, Dex+5}
  4359 | D        | Noticed a deep elf high priest
  4366 | D        | Killed a deep elf high priest
  4366 | D        | Noticed a deep elf master archer
  4569 | D        | Noticed a deep elf death mage
  4576 | D        | Killed a deep elf annihilator
  4576 | D        | Killed a deep elf death mage
  4577 | D        | Reached XP level 14. HP: 65/121 MP: 18/33
  4725 | D        | Noticed a deep elf annihilator
  4880 | D        | Killed a deep elf annihilator
  4883 | D        | Killed a deep elf annihilator
  4960 | D        | Killed a deep elf master archer
  4961 | D        | Reached skill level 15 in Fighting
  4976 | D        | Killed a deep elf annihilator
  5131 | D        | Identified the amulet "Nogolufe" {Spirit rF+ Slay+2 Stlth+}
  5168 | D        | Learned a level 5 spell: Silence
  5250 | D        | Bought a book of Geomancy for 198 gold pieces
  5253 | D        | Learned a level 2 spell: Passwall
  5293 | D        | Reached skill level 15 in Throwing
  5509 | D        | Reached skill level 15 in Short Blades
  5509 | D        | Reached skill level 15 in Long Blades
  5509 | D        | Reached skill level 15 in Axes
  5509 | D        | Reached skill level 15 in Maces & Flails
  5509 | D        | Reached skill level 15 in Polearms
  5509 | D        | Reached skill level 15 in Staves
  5509 | D        | Reached skill level 15 in Ranged Weapons
  5509 | D        | Reached skill level 15 in Armour
  5509 | D        | Reached skill level 15 in Stealth
  5509 | D        | Reached skill level 15 in Shields
  5509 | D        | Reached skill level 15 in Evocations
  5512 | D        | Noticed Azrael
  5523 | D        | HP: 5/123 [Azrael/damnation (27)]
  5526 | D        | Killed Azrael
  5756 | D        | Acquired the +4 pair of gloves "Qafenuow" {Drain Fly Int+4
                  | SInv}
  6290 | D        | Found Hughipac's Distillery.
  6290 | D        | Found Bynkuuggyi's Distillery.
  6290 | D        | Found Jeimenne's Armour Shop.
  6290 | D        | Found Uros's Distillery.
  6306 | D        | Reached skill level 16 in Throwing
  6326 | D        | Found Kinuaj's Distillery.
  6409 | D        | Noticed Boris
  6420 | D        | Noticed Mennas
  6435 | D        | Noticed Mara
  6559 | D        | Killed an azure jelly
  6562 | D        | Killed an azure jelly
  6566 | D        | Killed an azure jelly
  6570 | D        | Killed an azure jelly
  6929 | D        | Reached skill level 17 in Throwing
  7128 | D        | Noticed Chuck
  7133 | D        | Killed Chuck
  7233 | D        | Noticed Frederick
  7246 | D        | Killed Frederick
  7247 | D        | Reached XP level 15. HP: 51/132 MP: 30/36
  7476 | D        | Noticed a lich
  7479 | D        | Killed a lich
  7487 | D        | Noticed a shadow dragon
  7487 | D        | Noticed a shadow dragon
  7509 | D        | Reached skill level 18 in Throwing
  7515 | D        | Killed a shadow dragon
  7520 | D        | Killed a shadow dragon
  7756 | D        | Noticed a titan
  7756 | D        | Noticed a titan
  7756 | D        | Noticed a fire giant
  7756 | D        | Noticed a titan
  7756 | D        | Noticed a titan
  7762 | D        | Reached skill level 19 in Throwing
  7762 | D        | Reached skill level 15 in Transmutations
  7763 | D        | Killed a fire giant
  7764 | D        | Reached skill level 20 in Throwing
  7764 | D        | Reached skill level 15 in Conjurations
  7764 | D        | Reached skill level 15 in Hexes
  7764 | D        | Reached skill level 15 in Summonings
  7764 | D        | Reached skill level 15 in Necromancy
  7764 | D        | Reached skill level 15 in Translocations
  7764 | D        | Reached skill level 15 in Fire Magic
  7764 | D        | Reached skill level 15 in Ice Magic
  7764 | D        | Reached skill level 15 in Air Magic
  7764 | D        | Reached skill level 15 in Earth Magic
  7764 | D        | Reached skill level 15 in Poison Magic
  7764 | D        | Killed a titan
  7764 | D        | Killed a titan
  7764 | D        | Killed a titan
  7766 | D        | Killed a titan
  7770 | D        | Found the +8 demon trident "Rift" {distort, reach+}
  7776 | D        | Got a silver rune of Zot
  7802 | D        | Identified the +7 hand crossbow of Traps {vorpal, rElec
                  | rPois Str-3 Dex-2}
  7822 | D        | Acquired 811 gold pieces
  7996 | D        | Noticed a deep elf blademaster
  8005 | D        | Killed a deep elf blademaster
  8268 | D        | Noticed a bone dragon
  8274 | D        | Killed a bone dragon
  8275 | D        | Reached XP level 16. HP: 145/145 MP: 38/38
  8284 | D        | Learned a level 8 spell: Lehudib's Crystal Spear
  8380 | D        | Noticed a sphinx
  8380 | D        | Noticed a sphinx
  8384 | D        | Paralysed by a sphinx for 5 turns
  8393 | D        | Killed a sphinx
  8394 | D        | Reached skill level 21 in Throwing
  8396 | D        | Killed a sphinx
  9417 | D        | Noticed a royal mummy
  9427 | D        | Killed a royal mummy
  9428 | D        | Reached skill level 22 in Throwing
  9892 | D        | Noticed a royal mummy
  9904 | D        | Killed a royal mummy
  9910 | D        | Got a golden rune of Zot
  9946 | D        | Acquired the Vademecum on Metamorphosis and the Mortuary
  9948 | D        | Acquired 926 gold pieces
  9950 | D        | Acquired the +8 autumn katana {vorpal, manifold assault}
  9950 | D        | Found the +8 autumn katana {vorpal, manifold assault}
  9952 | D        | Acquired 536 gold pieces
  9954 | D        | Acquired 1278 gold pieces
 10318 | D        | Bought a pair of glowing boots for 157 gold pieces
 10448 | D        | Bought a book of Blasting for 440 gold pieces
 10448 | D        | Bought a book of Dangerous Friends for 440 gold pieces
 10448 | D        | Bought a book of Spatial Translocations for 220 gold pieces
 10451 | D        | Learned a level 2 spell: Blink
 10457 | D        | Learned a level 5 spell: Blade Hands
 10466 | D        | Learned a level 8 spell: Borgnjor's Revivification
 10473 | D        | Learned a level 5 spell: Lee's Rapid Deconstruction
 10503 | D        | Identified Roxanne's Monograph on the Lithosphere
 10503 | D        | Noticed Roxanne
 10553 | D        | Noticed an Executioner
 10559 | D        | Killed an Executioner
 10576 | D        | Bought 2 potions of experience for 1200 gold pieces
 10586 | D        | Reached XP level 17. HP: 144/144 MP: 26/41
 10587 | D        | Reached skill level 23 in Throwing
 10587 | D        | Reached XP level 18. HP: 152/152 MP: 27/42
 10727 | D        | Bought the ring "Opteff" {rF+ rC+} for 468 gold pieces
 10830 | D        | Gained mutation: You occasionally lose the ability to read
                  | scrolls when taking damage. [a shining eye]
 11125 | D        | Found a viscous altar of Jiyva.
 11125 | D        | Noticed the Royal Jelly
 11188 | D        | Noticed Nellie
 11199 | D        | Killed Nellie
 11205 | D        | Got a demonic rune of Zot
 11473 | D        | Killed Boris
 11474 | D        | Reached skill level 24 in Throwing
 11495 | D        | Slain by Mennas

Illustrated notes

Levels and vault maps discovered:
D:        dungeon_sprint_mu [sprint_mu_entry_forest, sprint_mu_temple_rooms,
          sprint_mu_d1_horrors, sprint_mu_d2_genie, sprint_mu_d3_branching,
          sprint_mu_orc_legion, sprint_mu_elf_gauntlet, sprint_mu_hive_nellie,
          sprint_mu_lair_fedhas, sprint_mu_vaults_butterflies,
          sprint_mu_slime_circle, sprint_mu_shoals_archi,
          sprint_mu_snake_twists, sprint_mu_blade_basic,
          sprint_mu_crypt_chambers, sprint_mu_tomb_spiral,
          sprint_mu_vestibule_basic, sprint_mu_gehenna_hellfire,
          sprint_mu_dis_giant, sprint_mu_tartarus_statrot,
          sprint_mu_cocytus_islands, sprint_mu_zot1]

Skill      XL: |  1  2  3  4  5  6  7  8  9 10 11 12 13 14 15 16 17 18 |
---------------+-------------------------------------------------------+-----
Fighting       | 3 4 5 7 8 9 10 11 13 14 16 18 19 20 | 20.4
Short Blades   | 1 2 3 4 5 6 7 8 10 11 12 14 16 18 19 20 | 20.2
Long Blades    | 1 2 3 4 5 6 7 8 10 11 12 14 16 18 19 20 | 20.2
Axes           | 1 2 3 4 5 6 7 8 10 11 12 14 16 18 19 20 | 20.2
Maces & Flails | 1 2 3 4 5 6 7 8 10 11 12 14 16 18 19 20 | 20.2
Polearms       | 1 2 3 4 5 6 7 8 10 11 12 14 16 18 19 20 | 20.2
Staves         | 1 2 3 4 5 6 7 8 10 11 12 14 16 18 19 20 | 20.2
Ranged Weapons | 1 2 3 4 5 6 7 8 10 11 12 14 16 18 19 20 | 20.2
Throwing       | 1 2 3 4 5 6 7 8 10 11 12 14 17 20 22 23 24 | 24.1
Armour         | 1 2 3 4 5 6 7 8 10 11 12 14 16 18 19 20 | 20.2
Stealth        | 1 2 3 4 5 6 7 8 10 11 12 14 16 18 19 20 | 20.2
Shields        | 1 2 3 4 5 6 7 8 10 11 12 14 16 18 19 20 | 20.2
Spellcasting   | 5 6 7 8 9 10 11 12 13 15 17 18 20 | 20.7
Conjurations   | 1 2 3 4 5 6 7 8 9 11 12 13 15 16 17 | 17.3
Hexes          | 1 2 3 4 5 6 7 8 9 11 12 13 15 16 17 | 17.3
Summonings     | 1 2 3 4 5 6 7 8 9 11 12 13 15 16 17 | 17.3
Necromancy     | 1 2 3 4 5 6 7 8 9 11 12 13 15 16 17 | 17.3
Translocations | 1 2 3 4 5 6 7 8 9 11 12 13 15 16 17 | 17.3
Transmutations | 4 5 6 7 8 9 10 11 12 14 15 17 | 17.7
Fire Magic     | 1 2 3 4 5 6 7 8 9 11 12 13 15 16 17 | 17.3
Ice Magic      | 1 2 3 4 5 6 7 8 9 11 12 13 15 16 17 | 17.3
Air Magic      | 1 2 3 4 5 6 7 8 9 11 12 13 15 16 17 | 17.3
Earth Magic    | 1 2 3 4 5 6 7 8 9 11 12 13 15 16 17 | 17.3
Poison Magic   | 1 2 3 4 5 6 7 8 9 11 12 13 15 16 17 | 17.3
Invocations    | 2 3 5 7 8 9 10 12 14 15 17 19 21 | 21.8
Evocations     | 1 2 3 4 5 6 7 8 10 11 12 14 16 18 19 20 | 20.2
Dodging        | 5 6 7 8 9 11 12 13 15 16 18 19 20 | 20.7
Unarmed Combat | 7 8 9 10 11 13 14 15 17 19 20 21 | 21.1

Action                   |  1- 3 |  4- 6 |  7- 9 | 10-12 | 13-15 | 16-18 || total
-------------------------+-------+-------+-------+-------+-------+-------++-------
Melee: Unarmed           |    17 |    18 |    49 |   205 |   228 |   114 ||   631
       Kick              |     2 |       |       |       |       |       ||     2
       Headbutt          |     1 |       |       |       |       |       ||     1
       Rapier            |       |       |       |       |     7 |       ||     7
       Punch             |       |       |       |       |     6 |    10 ||    16
       Bite              |       |       |       |       |     3 |    11 ||    14
       Katana            |       |       |       |       |       |    45 ||    45
 Fire: Longbow           |       |       |     3 |       |    61 |       ||    64
 Cast: Beastly Appendage |     2 |       |       |       |       |       ||     2
       Spider Form       |     2 |       |       |       |       |       ||     2
       Ice Form          |       |     3 |     6 |    19 |    37 |    13 ||    78
       Fireball          |       |       |       |    22 |    55 |    33 ||   110
       Starburst         |       |       |       |     2 |     2 |     3 ||     7
       Silence           |       |       |       |       |     1 |       ||     1
       Lehudib's Crystal |       |       |       |       |       |     1 ||     1
       Blink             |       |       |       |       |       |     1 ||     1
       Borgnjor's Revivi |       |       |       |       |       |     1 ||     1
       Blade Hands       |       |       |       |       |       |     2 ||     2
Invok: Slouch            |       |       |       |       |    15 |       ||    15
 Abil: End Transformatio |       |       |       |       |     2 |     1 ||     3
Evoke: Condenser vane    |       |       |       |     1 |     1 |       ||     2
       Wand              |       |       |       |       |     6 |     1 ||     7
       Phantom mirror    |       |       |       |       |       |     1 ||     1
  Use: Scroll            |       |       |       |     1 |     5 |     6 ||    12
       Potion            |       |       |       |       |     6 |     3 ||     9
 Stab: Sleeping          |     1 |     2 |     4 |     6 |    24 |     2 ||    39
       Distracted        |       |       |       |     2 |     2 |       ||     4
Armor: Robe              |     1 |     1 |       |       |     3 |     7 ||    12
       Skin              |     1 |       |    14 |    48 |    49 |    24 ||   136
Dodge: Dodged            |    10 |     1 |    33 |   247 |   190 |   113 ||   594
Block: Kite shield       |       |       |       |     3 |       |       ||     3
       Reflection        |       |       |       |     3 |       |       ||     3

Table legend: (Time is in decaauts) A = Elapsed time spent in this place. B = Non-inter-level travel time spent in this place. C = Inter-level travel time spent in this place. D = Time resting spent in this place. E = Time spent auto-exploring this place. F = Levels seen in this place. G = Mean time per level. A B C D E F G +--------+--------+--------+--------+--------+-----+--------+ Total | 14400 | 11537 | 2863 | 6777 | 45 | 1 | 14400.0 | Dungeon | 14400 | 11537 | 2863 | 6777 | 45 | 1 | 14400.0 | +--------+--------+--------+--------+--------+-----+--------+

Top non-repeatable levels by time:
       D: 14400 daAuts
